 Dungeon Crawl Stone Soup version 0.28.0-53-g5a82cb258f (webtiles) character file.

Game seed: 11410631395131420326

342 jiml777 the Gusty (level 6, -5/44 HPs)
             Began as a Gnoll Air Elementalist on Aug 1, 2022.
             Slain by Edmund
             ... wielding a +6 flail of protection
              (13 damage)
             ... on level 4 of the Dungeon.
             The game lasted 00:28:08 (4338 turns).

jiml777 the Gusty (Gnoll Air Elementalist)          Turns: 4338, Time: 00:28:09

Health: -5/44      AC:  7    Str:  8    XL:     6   Next: 57%
Magic:  0/14       EV: 13    Int: 16    God:
Gold:   205        SH:  0    Dex: 12    Spells: 5/15 levels left

rFire   . . .      SeeInvis .   u - +4 quarterstaff (chaos)
rCold   . . .      Faith    .   (shield currently unavailable)
rNeg    . . .      Spirit   .   a - +0 robe
rPois   .          Reflect  .   o - +0 helmet
rElec   .          Harm     .   t - +0 cloak
rCorr   .          Rampage  .   (no gloves)
Will    .....                   l - +2 pair of boots
Stlth   +++.......              (no amulet)
HPRegen 0.14/turn               (no ring)
MPRegen 0.14/turn               (no ring)

@: no status effects
A: fangs 1, strong nose, distributed training
a: no special abilities


You were on level 4 of the Dungeon.
You visited 1 branch of the dungeon, and saw 4 of its levels.

You collected 205 gold pieces.

Inventory:

Hand Weapons
 e - a +0 morningstar of protection
 f - a +2 hunting sling of flaming
 g - a +2 double sword of holy wrath
 q - a +2 dagger of draining
 u - a +4 quarterstaff of chaos (weapon)
Missiles
 b - 87 arrows
 d - 151 stones
 i - 20 sling bullets
 j - 9 silver javelins
 m - 9 poisoned darts
 s - 4 curare-tipped darts
Armour
 a - a +0 robe (worn)
 c - a +0 pair of boots
 l - a +2 pair of boots (worn)
 o - a +0 helmet (worn)
 t - a +0 cloak (worn)
Wands
 n - a wand of iceblast (10)
Scrolls
 p - 2 scrolls of teleportation
 r - a scroll of identify
Potions
 h - a potion of resistance
 k - 2 potions of ambrosia


   Skills:
 + Level 2.0 Fighting
 + Level 2.0 Short Blades
 + Level 2.0 Long Blades
 + Level 2.0 Axes
 + Level 2.0 Maces & Flails
 + Level 2.0 Polearms
 + Level 2.0 Staves
 + Level 2.0 Slings
 + Level 2.0 Bows
 + Level 2.0 Crossbows
 + Level 2.0 Throwing
 + Level 2.0 Armour
 + Level 5.0 Dodging
 + Level 4.6 Stealth
 + Level 2.0 Shields
 + Level 2.0 Unarmed Combat
 + Level 5.4 Spellcasting
 + Level 2.6 Conjurations
 + Level 1.6 Hexes
 + Level 1.6 Summonings
 + Level 1.6 Necromancy
 + Level 1.6 Translocations
 + Level 1.6 Transmutations
 + Level 1.6 Fire Magic
 + Level 1.6 Ice Magic
 + Level 5.7 Air Magic
 + Level 1.6 Earth Magic
 + Level 1.6 Poison Magic
 + Level 2.2 Invocations
 + Level 2.0 Evocations


You had 5 spell levels left.
You knew the following spells:

 Your Spells              Type           Power      Damage    Failure   Level
a - Shock                 Conj/Air       68%        1d7       2%          1
b - Static Discharge      Conj/Air       17%        N/A       4%          2
c - Swiftness             Air            22%        N/A       4%          3
d - Airstrike             Air            11%        N/A       14%         4

Your spell library contained the following spells:

 Spells                   Type           Power      Damage    Failure   Level
 Mephitic Cloud           Conj/Pois/Air  14%        N/A       11%         3
 Ignite Poison            Fire/Tmut/Pois 9%         N/A       22%         3
 Freezing Cloud           Conj/Ice/Air   7%         6-21      71%         5


Dungeon Overview and Level Annotations

Branches:
Dungeon (4/15)
 Temple: D:4-7

Altars:
Okawaru

Annotations:
D:4 Edmund


Innate Abilities, Weirdness & Mutations

You have very sharp teeth.
Your uncanny sense of smell can sniff out nearby items.
Your experience applies equally to all skills.


Message History

The zap hits Edmund.
Edmund is severely wounded.
Edmund closely misses you.
Casting: Shock (safe; 2% risk of failure)
Confirm with . or Enter, or press ? or * to list all spells.
Aiming: Shock (safe; 2% risk of failure)
Press: ? - help, Shift-Dir - straight line The zap misses Edmund.
The zap hits Edmund.
Edmund is severely wounded.
Edmund hits you with a +6 flail of protection.
Unknown command.
Casting: Shock (safe; 2% risk of failure)
Confirm with . or Enter, or press ? or * to list all spells.
Aiming: Shock (safe; 2% risk of failure)
Press: ? - help, Shift-Dir - straight line The zap hits Edmund but does no damage.
Edmund is severely wounded.
The zap hits Edmund.
Edmund is severely wounded.
Edmund hits you with a +6 flail of protection!
Really attack while wielding your +2 hunting sling of flaming? [Y]es or [N]o only, please.
Really attack while wielding your +2 hunting sling of flaming? [Y]es or [N]o only, please.
Really attack while wielding your +2 hunting sling of flaming? [Y]es or [N]o only, please.
Really attack while wielding your +2 hunting sling of flaming?
Okay, then.
Your +2 hunting sling of flaming stops flaming.
Your +4 quarterstaff of chaos is briefly surrounded by a scintillating aura of random colours.
u - a +4 quarterstaff of chaos (weapon)
Edmund barely misses you.
You hit Edmund. You freeze Edmund.
Edmund is almost dead.
Edmund hits you with a +6 flail of protection!
* * * LOW HITPOINT WARNING * * *
You hit Edmund but do no damage.
Edmund is almost dead.
Edmund hits you with a +6 flail of protection!
You die...

####. #### #..†. ###..#
#.#.. ##....# #.#..
###..##.# #.#.. #...###.#
#.#.. #.### #.# ####>#).
##.# #.###....#.. #.@#
#...#.####.. #@## ###...#
###. #.# ##..###... #.#
#.......#. ###### #.#
#.###..##.
......###.########.# #.#...
......#......<.#...###...#)
>...(.(.).###....###...###.
.......###....#.###.....##.


You could see Edmund.

Vanquished Creatures
  A scorpion (D:4)
  Crazy Yiuf (D:4)
  3 orc priests
  An iguana (D:4)
  An orc wizard (D:2)
  5 adders
  2 worms
  A dart slug (D:3)
  4 orcs
  4 endoplasms
  3 giant cockroaches
  5 goblins
  7 hobgoblins
  2 jackals (D:2)
  3 kobolds
  4 quokkas
  6 ball pythons
  4 bats
  4 frilled lizards
  6 rats
67 creatures vanquished.

Notes
Turn   | Place    | Note
-------+----------+-------------------------------------------
     0 | D:1      | jiml777 the Gnoll Air Elementalist began the quest for the
                  | Orb.
     0 | D:1      | Reached XP level 1. HP: 13/13 MP: 6/6
   301 | D:1      | Reached XP level 2. HP: 19/19 MP: 7/7
  1231 | D:2      | Reached skill level 5 in Spellcasting
  1231 | D:2      | Reached XP level 3. HP: 23/25 MP: 3/9
  1530 | D:2      | Reached skill level 1 in Invocations
  1844 | D:2      | Reached skill level 1 in Fighting
  1844 | D:2      | Reached skill level 1 in Short Blades
  1844 | D:2      | Reached skill level 1 in Long Blades
  1844 | D:2      | Reached skill level 1 in Axes
  1844 | D:2      | Reached skill level 1 in Maces & Flails
  1844 | D:2      | Reached skill level 1 in Polearms
  1844 | D:2      | Reached skill level 1 in Staves
  1844 | D:2      | Reached skill level 1 in Slings
  1844 | D:2      | Reached skill level 1 in Bows
  1844 | D:2      | Reached skill level 1 in Crossbows
  1844 | D:2      | Reached skill level 1 in Throwing
  1844 | D:2      | Reached skill level 1 in Armour
  1844 | D:2      | Reached skill level 1 in Shields
  1844 | D:2      | Reached skill level 1 in Unarmed Combat
  1844 | D:2      | Reached skill level 1 in Evocations
  1844 | D:2      | Reached XP level 4. HP: 16/32 MP: 7/11
  1848 | D:2      | Reached skill level 1 in Hexes
  1848 | D:2      | Reached skill level 1 in Summonings
  1848 | D:2      | Reached skill level 1 in Necromancy
  1848 | D:2      | Reached skill level 1 in Translocations
  1848 | D:2      | Reached skill level 1 in Transmutations
  1848 | D:2      | Reached skill level 1 in Fire Magic
  1848 | D:2      | Reached skill level 1 in Ice Magic
  1848 | D:2      | Reached skill level 1 in Earth Magic
  1848 | D:2      | Reached skill level 1 in Poison Magic
  1856 | D:2      | Reached XP level 5. HP: 2/37 MP: 3/12
  2270 | D:2      | Learned a level 2 spell: Static Discharge
  2274 | D:2      | Learned a level 3 spell: Swiftness
  2279 | D:2      | Learned a level 4 spell: Airstrike
  2817 | D:3      | Found a faded altar of an unknown god.
  3745 | D:4      | Reached XP level 6. HP: 44/44 MP: 13/13
  3828 | D:4      | Reached skill level 5 in Dodging
  3842 | D:4      | Found an iron altar of Okawaru.
  3948 | D:4      | Found a runed translucent door.
  3949 | D:4      | Noticed Crazy Yiuf
  3962 | D:4      | Killed Crazy Yiuf
  4075 | D:4      | Noticed Edmund
  4338 | D:4      | Slain by Edmund

Illustrated notes

Levels and vault maps discovered:
D:1:      amcnicky_arrival_flooded_fountain, layout_loops_ring,
          chequers_arboretum, chequers_avenue, lemuel_flame_loot_1
D:2:      layout_basic
D:3:      layout_loops_ring, shapermc_ecumenical_altar_petra
D:4:      layout_rooms, general_overflow_altar, serial_shops, kennysheep_mini,
          uniq_crazy_yiuf_cottage, uniq_edmund

Skill      XL: |  1  2  3  4  5  6 |
---------------+-------------------+-----
Conjurations   | 2 |  2.6
Spellcasting   | 5 |  5.4
Invocations    | 1 2 |  2.2
Fighting       | 1 2 |  2.0
Short Blades   | 1 2 |  2.0
Long Blades    | 1 2 |  2.0
Axes           | 1 2 |  2.0
Maces & Flails | 1 2 |  2.0
Polearms       | 1 2 |  2.0
Staves         | 1 2 |  2.0
Slings         | 1 2 |  2.0
Bows           | 1 2 |  2.0
Crossbows      | 1 2 |  2.0
Throwing       | 1 2 |  2.0
Armour         | 1 2 |  2.0
Shields        | 1 2 |  2.0
Unarmed Combat | 1 2 |  2.0
Evocations     | 1 2 |  2.0
Hexes          | 1 |  1.6
Summonings     | 1 |  1.6
Necromancy     | 1 |  1.6
Translocations | 1 |  1.6
Transmutations | 1 |  1.6
Fire Magic     | 1 |  1.6
Ice Magic      | 1 |  1.6
Earth Magic    | 1 |  1.6
Poison Magic   | 1 |  1.6
Dodging        | 5 |  5.0
Stealth        | |  4.6
Air Magic      | |  5.7

Action                   |  1- 3 |  4- 6 || total
-------------------------+-------+-------++-------
Melee: Club              |     6 |       ||     6
       Double sword      |     1 |       ||     1
       Dagger            |       |    40 ||    40
       Bite              |       |     7 ||     7
       Quarterstaff      |       |     2 ||     2
 Fire: Hunting sling     |    26 |     2 ||    28
 Cast: Shock             |    26 |    48 ||    74
       Airstrike         |       |     3 ||     3
       Swiftness         |       |     1 ||     1
  Use: Scroll            |     5 |     3 ||     8
       Potion            |     1 |       ||     1
 Stab: Sleeping          |     1 |     9 ||    10
Armor: Robe              |     5 |     9 ||    14
Dodge: Dodged            |    16 |    39 ||    55
